 Dungeon Crawl Stone Soup version 0.20.1-1-g8b1a95d (webtiles) character file.

252 Alelolelolen the Insei (level 6, -12/57 HPs)
             Began as an Octopode Transmuter on Oct 25, 2017.
             Mangled by ThereIsNoGod's ghost (20 damage)
             ... on level 3 of the Dungeon.
             The game lasted 00:06:09 (3747 turns).

Alelolelolen the Insei (Octopode Transmuter)        Turns: 3747, Time: 00:06:09

Health: -12/57     AC: 23    Str:  9    XL:     6   Next: 13%
Magic:  9/9        EV:  2    Int: 17    God:
Gold:   136        SH:  0    Dex: 13    Spells: 5/9 levels left

rFire    . . .     SeeInvis .     - Unarmed
rCold    . . .     Gourm    .   (no shield)
rNeg     + + +     Faith    .   (helmet currently unavailable)
rPois    +         Spirit   .   (no amulet)
rElec    .         Reflect  .   l - ring of wizardry
rCorr    .         Harm     .   (no ring)
MR       .....     NoTele   +   (no ring)
Stlth    ++........             (no ring)
Regen    0.2/turn               (no ring)
MPRegen  0.2/turn               (no ring)
                                (no ring)
                                (no ring)

@: tree-form, hasted, heavily drained, very quick
A: almost no armour, stealthy swim, (amphibious), 8 rings, (constrict 8)
a: no special abilities


You were on level 3 of the Dungeon.
You were not hungry.
You were a tree.
You visited 1 branch of the dungeon, and saw 3 of its levels.

You collected 136 gold pieces.

Inventory:

Missiles
 a - 12 arrows
Jewellery
 l - a ring of wizardry (left branch)
Wands
 n - a wand of polymorph (24/24)
Scrolls
 d - 6 scrolls of identify {unknown}
 e - a scroll of immolation {unknown}
 h - a scroll of remove curse {unknown}
Potions
 i - a potion of lignification
Books
 b - a book of Changes

   Spells                             Type                      Level
   a - Beastly Appendage              Transmutation                1
   b - Sticks to Snakes               Transmutation                2
   c - Spider Form                    Transmutation/Poison         3
   d - Ice Form                       Ice/Transmutation            4
   e - Blade Hands                    Transmutation                5
Comestibles
 c - a bread ration
 f - 5 fruits
 k - a royal jelly


   Skills:
 + Level 1.0(0.0) Fighting
 + Level 2.6(1.4) Dodging
 * Level 3.9(2.7) Stealth
 * Level 5.1(3.8) Unarmed Combat
 + Level 2.2(1.1) Spellcasting
 * Level 2.6(1.4) Transmutations
 + Level 1.2(0.1) Poison Magic


You had 5 spell levels left.
You knew the following spells:

 Your Spells              Type           Power        Failure   Level  Hunger
a - Beastly Appendage     Tmut           #.....       4%          1    ##.....
b - Spider Form           Tmut/Pois      #.........   17%         3    ####...


Dungeon Overview and Level Annotations

Branches:
Dungeon (3/15)

Altars:
Nemelex Xobeh
Okawaru
Uskayaw

Annotations:
D:3 ThereIsNoGod's ghost, weakling TrFi


Innate Abilities, Weirdness & Mutations

You cannot wear most types of armour.
You are very stealthy in the water. (Stealth+)
((You are amphibious.))
You can wear up to eight rings at the same time.
((You can use your tentacles to constrict eight enemies at once.))
((Your skin changes colour to match your surroundings (Stealth+).))
((Your rubbery body absorbs attacks. (AC +1, EV +1)))


Message History

You hit ThereIsNoGod's ghost.
ThereIsNoGod's ghost is lightly damaged.
ThereIsNoGod's ghost hits you but does no damage.
You are electrocuted!
* * * LOW HITPOINT WARNING * * *
You barely miss ThereIsNoGod's ghost.
ThereIsNoGod's ghost is lightly damaged.
ThereIsNoGod's ghost hits you but does no damage.
You cannot move.
You feel better.
ThereIsNoGod's ghost hits you but does no damage.
It was a potion of haste.
You feel yourself speed up.
ThereIsNoGod's ghost hits you but does no damage.
As you read the scroll labeled TIENULANOE, it crumbles to dust.
It is a scroll of recharging.
Charge which item? (? for menu, Esc to quit)
Your wand of polymorph (?/24) glows for a moment.
ThereIsNoGod's ghost hits you but does no damage.
You are electrocuted!
You die...

##...###.. # #..#.....# #
###)##..#### # ..).†..## #
.......# #### .......#
###########... #..#####
##...........##
.<#################..##..#..##..#
................♣W..##..###..##..
#################).###..# #..###.
#..# #.#####.# #.
#..######8######.
#..##8_.._.._8##.
#...##≈.....≈##..
#...##≈≈...≈≈##..
#....##≈≈.≈≈##..#
##....##≈.≈##..##


You could see ThereIsNoGod's ghost.

Vanquished Creatures
  4 wights (D:3)
  2 adders (D:2)
  2 worms
  3 dart slugs
  A leopard gecko (D:2)
  5 orcs (D:3)
  7 bats
  3 giant cockroaches
  9 goblins
  3 hobgoblins
  3 jackals (D:1)
  3 kobolds
  A quokka (D:2)
  A ball python (D:2)
  4 frilled lizards
  6 rats
57 creatures vanquished.

Notes
Turn   | Place    | Note
-------+----------+-------------------------------------------
     0 | D:1      | Alelolelolen the Octopode Transmuter began the quest for the Orb.
     0 | D:1      | Reached XP level 1. HP: 13/13 MP: 3/3
   157 | D:1      | Reached XP level 2. HP: 12/18 MP: 5/5
  1252 | D:1      | Reached XP level 3. HP: 15/23 MP: 6/6
  1391 | D:1      | Learned a level 3 spell: Spider Form
  1473 | D:1      | Reached skill level 1 in Stealth
  1631 | D:2      | Reached skill level 4 in Unarmed Combat
  2273 | D:2      | Reached XP level 4. HP: 25/28 MP: 7/7
  3220 | D:3      | Found a hide-covered altar of Uskayaw.
  3220 | D:3      | Found a sparkling altar of Nemelex Xobeh.
  3221 | D:3      | Found an iron altar of Okawaru.
  3279 | D:3      | Reached XP level 5. HP: 33/33 MP: 4/8
  3301 | D:3      | Noticed ThereIsNoGod's ghost (weakling TrFi)
  3506 | D:3      | Reached skill level 1 in Poison Magic
  3730 | D:3      | HP: 1/33 [wight/mace of protection (1)]
  3740 | D:3      | Reached skill level 5 in Unarmed Combat
  3740 | D:3      | Reached XP level 6. HP: 14/38 MP: 9/9
  3743 | D:3      | HP: 1/57 [ThereIsNoGod's ghost (14)]
  3747 | D:3      | Mangled by ThereIsNoGod's ghost

Skill      XL: |  1  2  3  4  5 |
---------------+----------------+-----
Stealth        | 1 3 |  3.9
Unarmed Combat | 4 5 |  5.1
Poison Magic   | 1 |  1.2
Fighting       | |  1.0
Dodging        | |  2.6
Spellcasting   | |  2.2
Transmutations | |  2.6

Action                   |  1- 3 |  4- 6 || total
-------------------------+-------+-------++-------
Melee: Unarmed           |    76 |    88 ||   164
       Constrict         |    20 |     7 ||    27
       Tentacles         |     8 |     5 ||    13
       Kick              |    10 |     2 ||    12
       Punch             |       |     1 ||     1
 Cast: Beastly Appendage |     9 |     3 ||    12
       Spider Form       |       |     4 ||     4
  Use: Potion            |       |     7 ||     7
       Scroll            |       |     1 ||     1
 Stab: Sleeping          |     6 |     4 ||    10
  Eat: Chunk             |     4 |     1 ||     5
       Bread ration      |       |     1 ||     1
Armor: Skin              |     5 |    13 ||    18
Dodge: Dodged            |    50 |    67 ||   117
